 Dungeon Crawl Stone Soup version 0.27-a0-885-g35c287b (webtiles) character file.

Game seed: 15538276371022384422

95 MrTaco21 the Cudgeller (level 4, 0/28 HPs)
             Began as a Gargoyle Fighter on Apr 3, 2021.
             Slain by Grinder (3 damage)
             ... while paralysed by Grinder
             ... on level 3 of the Dungeon.
             The game lasted 00:02:06 (2266 turns).

MrTaco21 the Cudgeller (Gargoyle Fighter)           Turns: 2266, Time: 00:02:06

Health: 0/28       AC: 11    Str: 20    XL:     4   Next: 66%
Magic:  4/4        EV:  2    Int:  9    God:
Gold:   147        SH:  0    Dex:  9    Spells: 3/3 levels left

rFire    + . .     SeeInvis .   a - +0 flail
rCold    . . .     Faith    .   c - +0 kite shield
rNeg     + . .     Spirit   .   b - +0 scale mail
rPois    ∞         Reflect  .   l - +0 helmet
rElec    +         Harm     .   (no cloak)
rCorr    .         Rampage  .   (no gloves)
Will     .....                  (no boots)
Stlth    ..........             (no amulet)
HPRegen  0.09/turn              i - ring of protection from fire
MPRegen  0.09/turn              (no ring)

@: paralysed
A: AC +3, negative energy resistance 1, electricity resistance, torment
resistance 1, unbreathing 1, petrification resistance
a: no special abilities


You were on level 3 of the Dungeon.
You visited 1 branch of the dungeon, and saw 3 of its levels.

You collected 147 gold pieces.

Inventory:

Hand Weapons
 a - a +0 flail (weapon)
Armour
 b - a +0 scale mail (worn)
 c - a +0 kite shield (worn)
 l - a +0 helmet (worn)
   (You found it on level 2 of the Dungeon)
Jewellery
 i - a ring of protection from fire (left hand)
   (You found it on level 2 of the Dungeon)
Scrolls
 e - a scroll of blinking {unknown}
 f - 2 scrolls of teleportation {unknown}
 j - a scroll of noise {unknown}
 k - 2 scrolls of identify {unknown}
Potions
 d - a potion of might
 g - 2 potions of attraction {unknown}
 h - a potion of heal wounds {unknown}
 m - a potion of curing {unknown}


   Skills:
 - Level 3.2 Fighting
 + Level 4.7 Maces & Flails
 - Level 3.2 Armour
 - Level 3.2 Shields


You had 3 spell levels left.
You didn't know any spells.
Your spell library was empty.

Dungeon Overview and Level Annotations

Branches:
Dungeon (3/15)

Altars:

Shops:
D:2 [

Annotations:
D:3 Grinder


Innate Abilities, Weirdness & Mutations

Your stone body is resilient. (AC +3)
You are immune to poison.
You resist negative energy. (rN+)
You are resistant to electric shocks. (rElec)
You are resistant to unholy torment.
You can survive without breathing.
You are immune to petrification.


Message History

Unknown command.
You hit Grinder. Grinder gestures at you.
You suddenly lose the ability to move!
Grinder hits you.
* * * LOW HITPOINT WARNING * * *
You writhe in agony.
* * * LOW HITPOINT WARNING * * *
Grinder gestures at you.
You shrug off the repeated paralysis!
Grinder hits you but does no damage. x2
You can move again.
You hit Grinder.
You hear the brisk rusting of a drain nearby.
Grinder hits you but does no damage.
Unknown command.
Unknown command.
You closely miss Grinder. Grinder hits you but does no damage.
You block Grinder's attack.
You hit Grinder but do no damage. Grinder gestures at you.
You barely resist.
Unknown command.
Unknown command.
You hit Grinder but do no damage. Grinder gestures at you.
Pain shoots through your body!
* * * LOW HITPOINT WARNING * * *
You hit Grinder but do no damage. Grinder gestures at you.
You suddenly lose the ability to move!
Grinder hits you but does no damage. Grinder barely misses you.
Grinder hits you.
* * * LOW HITPOINT WARNING * * *
Grinder hits you but does no damage. x3
You can move again.
Unknown command.
You hit Grinder. You block Grinder's attack.
You closely miss Grinder. You block Grinder's attack.
Grinder hits you but does no damage.
Unknown command.
Unknown command.
You barely miss Grinder. Grinder hits you but does no damage.
You sock Grinder! You block Grinder's attack. Grinder gestures at you.
You suddenly lose the ability to move!
Grinder gestures at you.
You shrug off the repeated paralysis!
Grinder hits you.
You die...

#......#####..#.###.####
#....### ####.# #...##
#.# # #...# #.# .# #...#
#.###.# ##### #.....#
#.....# #.....# #.@...#
#.5.....# #.......#
#.......# #.......#
#+#.#+### .. .. .# ...
.# .#


You could see Grinder.

Vanquished Creatures
  Jessica (D:2)
  An adder (D:2)
  3 worms
  An orc (D:2)
  4 ball pythons
  3 bats (D:1)
  3 endoplasms (D:1)
  3 giant cockroaches
  5 goblins
  4 hobgoblins
  5 jackals (D:1)
  A quokka (D:2)
  3 frilled lizards
  2 kobolds
  8 rats
47 creatures vanquished.

Notes
Turn   | Place    | Note
-------+----------+-------------------------------------------
     0 | D:1      | MrTaco21 the Gargoyle Fighter began the quest for the Orb.
     0 | D:1      | Reached XP level 1. HP: 14/14 MP: 1/1
    94 | D:1      | Reached XP level 2. HP: 7/19 MP: 2/2
   399 | D:1      | Reached skill level 3 in Maces & Flails
   602 | D:1      | Reached XP level 3. HP: 23/23 MP: 3/3
  1289 | D:2      | Found a faded altar of an unknown god.
  1295 | D:2      | Noticed Jessica
  1306 | D:2      | Killed Jessica
  1307 | D:2      | Reached skill level 4 in Maces & Flails
  1307 | D:2      | Reached XP level 4. HP: 19/28 MP: 4/4
  1874 | D:2      | Found Henutt's Antique Armour Shoppe.
  2220 | D:3      | Noticed Grinder
  2233 | D:3      | Paralysed by Grinder for 2 turns
  2237 | D:3      | Paralysed by Grinder for 7 turns
  2246 | D:3      | Paralysed by Grinder for 5 turns
  2255 | D:3      | Paralysed by Grinder for 6 turns
  2264 | D:3      | Paralysed by Grinder for 4 turns
  2266 | D:3      | Slain by Grinder

Illustrated notes

Levels and vault maps discovered:
D:1:      dpeg_arrival_prison, layout_basic, roderic_serpentine_path,
          nrook_campfire
D:2:      layout_basic, serial_shops, shop_statue, basic_ecumenical_altar,
          kennysheep_generic_room_11, uniq_jessica
D:3:      layout_basic, gup_sewer_entry_spiral, uniq_grinder

Skill      XL: |  1  2  3 |
---------------+----------+-----
Maces & Flails | 3 4 |  4.7
Fighting       | |  3.2
Armour         | |  3.2
Shields        | |  3.2

Action                   |  1- 3 |  4- 6 || total
-------------------------+-------+-------++-------
Melee: Flail             |    96 |    72 ||   168
Armor: Scale mail        |    66 |    42 ||   108
Dodge: Dodged            |    38 |    12 ||    50
Block: Kite shield       |    58 |    35 ||    93

Table legend: (Time is in decaauts)
 A = Elapsed time spent in this place.
 B = Non-inter-level travel time spent in this place.
 C = Inter-level travel time spent in this place.
 D = Time resting spent in this place.
 E = Time spent auto-exploring this place.
 F = Levels seen in this place.
 G = Mean time per level.
                   A        B        C        D        E       F      G
               +--------+--------+--------+--------+--------+-----+--------+
         Total |   2339 |   2307 |     32 |    212 |   1706 |   3 |  779.7 |
       Dungeon |   2339 |   2307 |     32 |    212 |   1706 |   3 |  779.7 |
               +--------+--------+--------+--------+--------+-----+--------+

Top non-repeatable levels by time:
     D:1: 1104 daAuts
     D:2: 963 daAuts
     D:3: 271 daAuts
